 Dungeon Crawl Stone Soup version 0.28.0 (webtiles) character file.

Game seed: 2868101741404403732

45 HallandMoats the Ruffian (level 3, 0/33 HPs)
             Began as a Ghoul Monk on Feb 12, 2022.
             Was an Initiate of Yredelemnul.
             Slain by Sigmund (7 damage)
             ... on level 2 of the Dungeon.
             The game lasted 00:01:41 (1215 turns).

HallandMoats the Ruffian (Ghoul Monk)               Turns: 1215, Time: 00:01:41

Health: 0/33       AC:  5    Str: 14    XL:     3   Next: 64%
Magic:  2/2        EV: 11    Int:  5    God:    Yredelemnul [......]
Gold:   74         SH:  0    Dex: 13    Spells: 2/2 levels left

rFire   . . .      SeeInvis .     - Unarmed
rCold   + . .      Faith    .   (no shield)
rNeg    + + +      Spirit   .   d - +0 ring mail
rPois   ∞          Reflect  .   (no helmet)
rElec   .          Harm     .   (no cloak)
rCorr   .          Rampage  .   (no gloves)
Will    .....                   (no boots)
Stlth   +.........              (no amulet)
HPRegen 0.00/turn               (no ring)
MPRegen 0.08/turn               (no ring)

@: inhibited regen
A: claws 1, cold resistance 1, negative energy resistance 3, inhibited
regeneration, torment resistance 2
a: Renounce Religion, Recall Undead Harvest


You were on level 2 of the Dungeon.
You worshipped Yredelemnul.
Yredelemnul was noncommittal.
You visited 1 branch of the dungeon, and saw 2 of its levels.

You collected 74 gold pieces.

Inventory:

Armour
 d - a +0 ring mail (worn)
Scrolls
 b - 2 scrolls of noise {unknown}
 c - 3 scrolls of teleportation {unknown}
 e - a scroll of identify {unknown}
Potions
 a - a potion of curing {unknown}


   Skills:
 * Level 3.8 Fighting
 + Level 0.9 Armour
 + Level 2.8 Dodging
 - Level 2.1 Stealth
 * Level 4.0 Unarmed Combat
 + Level 1.0 Invocations


You had 2 spell levels left.
You didn't know any spells.
Your spell library was empty.

Dungeon Overview and Level Annotations

Branches:
Dungeon (2/15)

Altars:
Yredelemnul

Annotations:
D:2 Natasha, Sigmund


Innate Abilities, Weirdness & Mutations

You thrive by killing the living.
You are immune to poison.
You have sharp fingernails.
Your flesh is cold resistant. (rC+)
You are immune to negative energy. (rN+++)
You do not regenerate when monsters are visible.
You are immune to unholy pain and torment.


Message History

Sigmund is nearby!
Sigmund is nearby!
Sigmund shouts!
Natasha, Servant of Life and Death comes into view.
She is carrying a wand of digging (2).
Natasha hisses angrily.
Sigmund gestures at you while chanting. The magic dart hits you.
Natasha zaps a wand.
You hear a grinding noise.
Sigmund hits you with a +0 scythe.
Natasha stares at you and mumbles some strange words.
The magic dart hits you.
You scratch Sigmund.
Sigmund is lightly wounded.
Your jackal zombie bites Sigmund.
Unknown command.
Your jackal zombie bites Sigmund.
Sigmund says, "Your kind have come here before.
I understand now why.
You desire death..."
Sigmund misses you.
You hear a zap.
Some rock shatters into small pieces.
You completely miss Sigmund.
Sigmund is lightly wounded.
Your jackal zombie bites Sigmund.
Sigmund mumbles some strange words.
Sigmund flickers and vanishes!
Deactivating autopickup; reactivate with Ctrl-A.
You miss something. Something hits you.
You miss something. You closely miss something. Something hits you.
You scratch something. You miss something. Natasha casts a spell at you.
Your rat zombie resists with significant effort.
Something hits you.
* * * LOW HITPOINT WARNING * * *
You scratch something but do no damage. Natasha barely misses your rat zombie.
Your rat zombie bites Natasha but does no damage.
Something hits you!
You die...
Yredelemnul claims you as an undead slave.

#.# ##......#.#
######....#### .
..............###
.
..#####.........?
# #######...#....
.....##...# ##.
#.....h...#
..#####ZZZ# #{@.#
#...# #...# #####


You could see Natasha (ally target), 2 friendly rat zombies and a friendly
jackal zombie.

Vanquished Creatures
  An adder (D:2)
  2 ball pythons (D:1)
  4 endoplasms
  2 giant cockroaches (D:1)
  A hobgoblin (D:1)
  3 jackals (D:2)
  4 quokkas (D:1)
  5 bats
  A frilled lizard (D:1)
  A goblin (D:1)
  4 rats
28 creatures vanquished.

Vanquished Creatures (collateral kills)
  An endoplasm (D:1)
  A quokka (D:1)
  A ball python (D:1)
  A bat (D:1)
  A rat (D:1)
5 creatures vanquished.

Vanquished Creatures (others)
  A spectral endoplasm (D:2)
1 creature vanquished.

Grand Total: 34 creatures vanquished

Notes
Turn   | Place    | Note
-------+----------+-------------------------------------------
     0 | D:1      | HallandMoats the Ghoul Monk began the quest for the Orb.
     0 | D:1      | Reached XP level 1. HP: 19/19 MP: 0/0
   329 | D:1      | Reached XP level 2. HP: 21/26 MP: 1/1
   642 | D:1      | Found a faded altar of an unknown god.
   660 | D:1      | Prayed at the altar of an unknown god.
   660 | D:1      | Became a worshipper of Yredelemnul the Dark
   660 | D:1      | Reached * piety under Yredelemnul
   660 | D:1      | Reached ** piety under Yredelemnul
   744 | D:1      | Reached XP level 3. HP: 31/31 MP: 2/2
   982 | D:2      | Reached skill level 1 in Invocations
  1185 | D:2      | Reached skill level 4 in Unarmed Combat
  1202 | D:2      | Noticed Sigmund
  1204 | D:2      | Noticed Natasha
  1215 | D:2      | Slain by Sigmund

Illustrated notes

Levels and vault maps discovered:
D:1:      roderic_crossed_star, layout_basic, nicolae_ecumenical_snake_handling
D:2:      layout_rooms, uniq_sigmund, uniq_natasha

Skill      XL: |  1  2  3 |
---------------+----------+-----
Invocations    | 1 |  1.0
Unarmed Combat | 4 |  4.0
Fighting       | |  3.8
Armour         | |  0.9
Dodging        | |  2.8
Stealth        | |  2.1

Action                   || total
-------------------------++-------
Melee: Unarmed           ||    95
       Punch             ||     5
 Stab: Sleeping          ||     3
Armor: Ring mail         ||    37
Dodge: Dodged            ||    68
